 Dungeon Crawl Stone Soup version 0.31-a0-977-gc230f8ef24 (webtiles) character file.

Game seed: 9332205627519944062

60 Shayle the Ducker (level 4, -7/26 HPs)
             Began as a Tengu Hexslinger on Oct 29, 2023.
             Killed by divine providence
             ... invoked by an orc priest
              (12 damage)
             ... on level 4 of the Dungeon.
             The game lasted 00:01:50 (1748 turns).

Shayle the Ducker (Tengu Hexslinger)                Turns: 1748, Time: 00:01:51

Health: -7/26      AC:  2    Str: 10    XL:     4   Next: 6%
Magic:  6/6        EV: 13    Int: 13    God:
Gold:   122        SH:  0    Dex: 17    Spells: 5/5 levels left

rFire   . . .        a - +1 sling
rCold   . . .        (no shield)
rNeg    . . .        c - +0 robe
rPois   .            (helmet restricted)
rElec   .            (no cloak)
rCorr   .            (no gloves)
SInv    .            (boots unavailable)
Will    .....        (no amulet)
Stlth   ++           (no ring)
HPRegen 0.24/turn    (no ring)
MPRegen 0.10/turn

%: acrobat
@: hasted, very quick
A: beak, talons 3, acrobatic
a: no special abilities


You were on level 4 of the Dungeon.
You visited 1 branch of the dungeon, and saw 4 of its levels.

You collected 122 gold pieces.

Inventory:

Hand Weapons
 a - a +1 sling (weapon)
Armour
 c - a +0 robe (worn)
Scrolls
 b - 3 scrolls of poison
 d - a scroll of noise {unknown}
 e - 4 scrolls of identify {unknown}
 f - a scroll of immolation {unknown}
 j - 2 scrolls of blinking {unknown}
 k - a scroll of vulnerability {unknown}
 m - 2 scrolls of fog {unknown}
Potions
 g - 2 potions of lignification {unknown}
 h - a potion of haste
 i - 2 potions of curing {unknown}
 l - a potion of heal wounds {unknown}
 n - a potion of degeneration {unknown}


   Skills:
 + Level 2.3 Fighting
 - Level 2.1 Ranged Weapons
 + Level 3.1 Dodging
 + Level 2.0 Unarmed Combat
 - Level 1.0 Spellcasting
 - Level 2.1 Hexes
 - Level 1.1 Fire Magic


You had 5 spell levels left.
You didn't know any spells.
Your spell library contained the following spells:

 Spells                   Type           Power      Damage    Failure   Level
 Jinxbite                 Hex            12%        N/A       17%         2
 Sigil of Binding         Hex            6%         N/A       34%         3
 Inner Flame              Hex/Fire       4%         N/A       41%         3
 Cause Fear               Hex            3%         N/A       75%         4
 Dimensional Bullseye     Hex/Tloc       1%         N/A       87%         4
 Yara's Violent Unravell  Hex/Tmut       1%         3d3       99%         5
 Enfeeble                 Hex            3%         N/A       100%        7


Dungeon Overview and Level Annotations

Branches:
Dungeon (4/15)
 Temple: D:4-7

Altars:
Xom


Innate Abilities, Weirdness & Mutations

You have a beak for a mouth.
You have claws for feet.
You can magically evade attacks while moving or waiting.


Message History

No target in view!
n - a purple potion
There is a stone staircase leading up here.
Found a shimmering altar of Xom.
No target in view!
You open the door.
There is an open door here.
Found a stone staircase leading down.
No target in view!
Found a whip.
No target in view!
Found 2 stones.
No target in view!
Found a stone staircase leading up.
No target in view!
You open the door.
There is an open door here.
i - 2 sapphire potions (gained 1)
You open the door.
An orc priest, an orc and an adder come into view.
Found an amethyst potion.
You shoot a sling bullet. The sling bullet hits the orc!
You kill the orc!
You hear a shout! x2; The orc priest shouts!
An orc comes into view. It is wielding a +0 whip.
An iguana comes into view.
The orc priest mumbles some strange prayers to Beogh against you.
Beogh smites you!
An orc priest comes into view. It is wielding a +0 flail.
The orc priest mumbles some strange prayers to Beogh against you.
Beogh smites you!
Ouch! That really hurt!
* * * LOW HITPOINT WARNING * * *
Okay, then.
It was a potion of haste.
You feel yourself speed up.
The orc priest shouts!
A quokka comes into view.
The orc priest invokes the aid of Beogh against you.
Beogh smites you!
You die...

.#.#.# ...#.##
########## ......#
#........# ...#..#
#........# # )##...#
#........# l#
.>....###.......@# o.###
#.#....##........#......
........'........r...o..
#.#.##.##........#o.....
#.#.##.##........#......
#.#.##.##........# .....
.....#.##........# ##...
#..#.#<########### ..!
#..#.### ..


You could see an orc priest and a quokka.

Vanquished Creatures
  An adder (D:3)
  A shadow imp (D:3)
  2 worms (D:3)
  A dart slug (D:2)
  An orc (D:4)
  4 endoplasms
  3 giant cockroaches
  4 hobgoblins
  A quokka (D:1)
  3 ball pythons
  5 bats
  A frilled lizard (D:3)
  4 kobolds
  3 rats
34 creatures vanquished.

Notes
Turn   | Place    | Note
-------+----------+-------------------------------------------
     0 | D:1      | Shayle the Tengu Hexslinger began the quest for the Orb.
     0 | D:1      | Reached XP level 1. HP: 12/12 MP: 3/3
   195 | D:1      | Found a faded altar of an unknown god.
   396 | D:1      | Reached XP level 2. HP: 14/16 MP: 4/4
   688 | D:1      | Reached skill level 1 in Unarmed Combat
  1006 | D:3      | Reached XP level 3. HP: 16/21 MP: 5/5
  1048 | D:3      | Reached skill level 3 in Dodging
  1404 | D:3      | Reached XP level 4. HP: 26/26 MP: 6/6
  1428 | D:3      | Identified the +2 sling of Past Mistakes {drain, Int+4}
  1698 | D:4      | Found a shimmering altar of Xom.
  1748 | D:4      | Killed from afar by an orc priest

Illustrated notes

Levels and vault maps discovered:
D:1:      minmay_arrival_five_plusses, layout_basic,
          nicolae_ecumenical_snake_handling
D:2:      layout_basic, nicolae_grassy_gnolls
D:3:      layout_loops_cross
D:4:      layout_basic, mainiacjoe_overflow_alcove_2,
          minmay_temple_entry_sparse_star

Skill      XL: |  1  2  3 |
---------------+----------+-----
Unarmed Combat | 1 2 |  2.0
Fighting       | 2 |  2.3
Dodging        | 3 |  3.1
Ranged Weapons | |  2.1
Spellcasting   | |  1.0
Hexes          | |  2.1
Fire Magic     | |  1.1

Action                     |  1- 3 |  4- 6 || total
---------------------------+-------+-------++-------
   Fire: Sling             |    89 |     4 ||    93
    Use: Potion            |       |     1 ||     1
 Armour: Robe              |    16 |       ||    16
  Dodge: Dodged            |    23 |       ||    23

Table legend: (Time is in decaauts)
 A = Elapsed time spent in this place.
 B = Non-inter-level travel time spent in this place.
 C = Inter-level travel time spent in this place.
 D = Time resting spent in this place.
 E = Time spent auto-exploring this place.
 F = Levels seen in this place.
 G = Mean time per level.
                   A        B        C        D        E       F      G
               +--------+--------+--------+--------+--------+-----+--------+
         Total |   1774 |   1746 |     28 |      0 |   1540 |   4 |  443.5 |
       Dungeon |   1774 |   1746 |     28 |      0 |   1540 |   4 |  443.5 |
               +--------+--------+--------+--------+--------+-----+--------+

Top non-repeatable levels by time:
     D:1: 850 daAuts
     D:3: 743 daAuts
     D:2: 120 daAuts
     D:4: 61 daAuts
